 Dungeon Crawl Stone Soup version 0.16-a0-2145-g6af420d (webtiles) character file.

979 myeffort the Geomancer (level 7, -5/55 HPs)
             Began as a Deep Dwarf Earth Elementalist on Nov 13, 2014.
             Killed by divine providence
             ... invoked by an orc priest
              (9 damage)
             ... on level 5 of the Dungeon.
             The game lasted 00:20:05 (4032 turns).

myeffort the Geomancer (DDEE)                       Turns: 4032, Time: 00:20:06

Health: -5/55      AC:  4    Str: 12    XL:     7   Next: 96%
Magic:  12/12      EV: 12    Int: 17    God:
Gold:   258        SH:  0    Dex: 13    Spells: 2 memorised, 7 levels left

rFire  + . .     SeeInvis .     b - 18 stones
rCold  . . .     Clarity  .     c - +0 robe
rNeg   . . .     SustAb   .     (no shield)
rPois  .         Gourm    .     (no helmet)
rElec  .         Spirit   .     (no cloak)
rCorr  .         Warding  .     j - +1 pair of gloves
rMut   .         Stasis   .     (no boots)
MR     +....                    e - amulet of rage
Stlth  +++.......               w - ring of protection from fire
                                x - ring of stealth

@: non-regenerating, somewhat resistant to hostile enchantments, fairly stealthy
A: damage resistance, recharge devices, sense surroundings 1, slow healing 3
a: Device Recharging, Evoke Berserk Rage


You were on level 5 of the Dungeon.
You were not hungry.

You visited 2 branches of the dungeon, and saw 6 of its levels.

You collected 258 gold pieces.

Inventory:

Hand weapons
 a - a +2 whip of electrocution
Missiles
 b - 18 stones (in hand)
 o - 24 poisoned needles
Armour
 c - a +0 robe (worn)
 j - a +1 pair of gloves (worn)
Jewellery
 e - an amulet of rage (around neck)
 q - a +2 ring of protection
 w - a ring of protection from fire (right hand)
 x - a ring of stealth (left hand)
 y - an uncursed ring of sustain abilities
Magical devices
 C - a wand of digging (4)
 H - a wand of heal wounds (5)
Scrolls
 l - 2 scrolls of remove curse
 m - a scroll of blinking {unknown}
 p - 3 scrolls of identify
 s - 2 scrolls of random uselessness
 t - a scroll of magic mapping {unknown}
 A - a scroll of recharging
 F - a scroll of enchant armour
Potions
 n - 2 potions of haste {unknown}
 r - 2 potions of invisibility {unknown}
 u - a potion of might {unknown}
 v - 2 potions of brilliance {unknown}
 z - a potion of degeneration {unknown}
 B - a potion of lignification {unknown}
 D - 3 potions of resistance {unknown}
 E - a potion of restore abilities
Books
 d - a book of Geomancy

   Spells                             Type                      Level
   *Sandblast                         Earth                        1
   *Stoneskin                         Transmutation/Earth          2
   Passwall                           Transmutation/Earth          3
   Stone Arrow                        Conjuration/Earth            3
   Petrify                            Transmutation/Earth          4
   Lee's Rapid Deconstruction         Earth                        5
Comestibles
 f - 3 bread rations
 g - 3 meat rations
 h - a fruit
 i - a royal jelly
 G - 3 beef jerkies
 I - 4 chunks of flesh


   Skills:
 - Level 2.1 Dodging
 - Level 2.4 Stealth
 - Level 2.0 Spellcasting
 - Level 0.8 Transmutations
 + Level 12.2 Earth Magic


You had 7 spell levels left.
You knew the following spells:

 Your Spells              Type           Power        Failure   Level  Hunger
a - Sandblast             Erth           #####.       1%          1    #......
b - Stoneskin             Trmt/Erth      ###.....     1%          2    ###....


Dungeon Overview and Level Annotations

Branches:
Dungeon (5/15)             Temple (1/1) D:5

Altars:
Ashenzari
Elyvilon
Fedhas
Gozag
Nemelex Xobeh
Sif Muna
Vehumet
Xom
Yredelemnul
Zin
The Shining One


Innate Abilities, Weirdness & Mutations

You are resistant to damage.
You can recharge devices by infusing magical energy.
You passively map a small area around you.
You do not heal naturally.


Message History

Charge which item? (? for menu, Esc to quit)
Your wand of heal wounds (2) glows for a moment and now has 5 charges.
The centaur skeleton closely misses you.
Read which item? (? for menu, Esc to quit)
As you read the scroll labeled ZURCHY HUOPIU, it crumbles to dust.
It is a scroll of enchant armour.
Enchant which item? (? for menu, Esc to quit)
Your +0 pair of gloves glows green for a moment.
The centaur skeleton hits you!
* * * LOW HITPOINT WARNING * * *
Read which item? (? for menu, Esc to quit)
As you read the scroll labeled ZUCUXZU FU SHRU, it crumbles to dust.
Forget which spell ([?*] list [ESC] exit)?
Forget which spell ([?*] list [ESC] exit)?
Okay, then.
It was a scroll of amnesia.
The centaur skeleton hits you.
* * * LOW HITPOINT WARNING * * *
The orc priest calls down the wrath of Beogh upon you.
Something smites you!
You die...

, ##..##.####..##...# ,
, ..............'....#
..............#....#
........._.....#....# ,
,
................#....#
.........(.((..(#....#
,,,
...........#....#....#
,
............#....#....#
*
*#+###..@####.##.##...#
* ##Z## *#.##.##+### ,


.go * ..#... , #..o ,...#...., , #... ...+ ... , , , ##.. ..# #.. ... * . , ,
You could see 2 orc priests, a hobgoblin and a centaur skeleton.

Vanquished Creatures
  Pikel (D:5)
  A slave (D:4)
  An ogre (D:4)
  A centaur (D:5)
  An orc priest (D:4)
  An iguana (D:4)
  A worker ant (D:4)
  A centaur skeleton (D:4)
  An orc wizard (D:4)
  Natasha (twice) (D:4)
  A worker ant zombie (D:5)
  4 gnolls (D:4)
  3 adders (D:2)
  2 giant mites
  A worm (D:4)
  2 giant geckos
  12 orcs
  8 bats
  3 giant cockroaches
  13 hobgoblins
  3 jackals (D:4)
  12 kobolds
  4 giant newts (D:1)
  9 goblins
  2 quokkas
  10 rats
100 creatures vanquished.

Vanquished Creatures (others)
  A butterfly (D:5)
1 creature vanquished.

Grand Total: 101 creatures vanquished

Notes
Turn   | Place    | Note
--------------------------------------------------------------
     0 | D:1      | myeffort, the Deep Dwarf Earth Elementalist, began the quest for the Orb.
     0 | D:1      | Reached XP level 1. HP: 15/15 MP: 2/2
   248 | D:1      | Reached XP level 2. HP: 22/22 MP: 2/4
   266 | D:1      | Learned a level 2 spell: Stoneskin
   674 | D:1      | Reached skill level 5 in Earth Magic
   996 | D:2      | Reached XP level 3. HP: 26/28 MP: 1/6
  1063 | D:2      | Found an opulent altar of Gozag.
  1237 | D:2      | Reached skill level 6 in Earth Magic
  1435 | D:2      | Reached XP level 4. HP: 33/36 MP: 5/7
  1530 | D:2      | Found a deep blue altar of Sif Muna.
  1752 | D:3      | Found a shimmering altar of Xom.
  2125 | D:4      | Reached skill level 7 in Earth Magic
  2159 | D:4      | Reached XP level 5. HP: 32/42 MP: 3/9
  2268 | D:4      | Noticed Natasha
  2271 | D:4      | Killed Natasha
  2319 | D:4      | Reached skill level 8 in Earth Magic
  2334 | D:4      | Noticed Natasha
  2339 | D:4      | Killed Natasha
  2628 | D:4      | Reached XP level 6. HP: 32/49 MP: 0/10
  2749 | D:4      | Reached skill level 9 in Earth Magic
  3066 | D:4      | Noticed an ogre
  3070 | D:4      | Killed an ogre
  3320 | D:5      | Entered Level 5 of the Dungeon
  3320 | D:5      | Found a staircase to the Ecumenical Temple.
  3345 | Temple   | Entered the Ecumenical Temple
  3718 | D:5      | Noticed Pikel
  3859 | D:5      | Killed Pikel
  3859 | D:5      | Reached skill level 11 in Earth Magic
  3859 | D:5      | Reached XP level 7. HP: 55/55 MP: 4/12
  4001 | D:5      | Found an opulent altar of Gozag.
  4011 | D:5      | Reached skill level 12 in Earth Magic
  4032 | D:5      | Killed from afar by an orc priest

Action                   |  1- 3 |  4- 6 |  7- 9 || total
-------------------------+-------+-------+-------++-------
Melee: Unarmed           |       |     1 |       ||     1
       Whip              |       |       |    11 ||    11
 Cast: Sandblast         |    56 |   121 |     3 ||   180
       Stoneskin         |       |     7 |       ||     7
Evoke: Wand              |       |     3 |       ||     3
  Use: Scroll            |       |       |     6 ||     6
 Stab: Sleeping          |       |       |     1 ||     1
  Eat: Chunk             |     2 |     9 |     2 ||    13
